 Dungeon Crawl Stone Soup version 0.28-a0-1524-ge72afd5fc6 (webtiles) character file.

Game seed: 7439888720295604870

107 knot the Chopper (level 4, -3/35 HPs)
             Began as a Demonspawn Berserker on Jan 18, 2022.
             Was a Follower of Trog.
             Slain by an orc (7 damage)
             ... on level 3 of the Dungeon.
             The game lasted 00:01:44 (3929 turns).

knot the Chopper (Demonspawn Berserker)             Turns: 3929, Time: 00:01:46

Health: -3/35      AC:  2    Str: 17    XL:     4   Next: 57%
Magic:  4/4        EV: 12    Int: 11    God:    Trog [*.....]
Gold:   103        SH:  0    Dex: 12    Spells: 3/3 levels left

rFire   . . .      SeeInvis .   g - +1 dagger (venom)
rCold   . . .      Faith    .   (no shield)
rNeg    . . .      Spirit   .   b - +0 animal skin
rPois   .          Reflect  .   (no helmet)
rElec   .          Harm     .   (no cloak)
rCorr   .          Rampage  .   (no gloves)
Will    .....                   (no boots)
Stlth   +.........              (no amulet)
HPRegen 0.11/turn               (no ring)
MPRegen 0.09/turn               (no ring)

@: no status effects
A: weakness stinger 2
a: Renounce Religion, Berserk


You were on level 3 of the Dungeon.
You worshipped Trog.
Trog was aware of your devotion.
You visited 1 branch of the dungeon, and saw 3 of its levels.

You collected 103 gold pieces.

Inventory:

Hand Weapons
 a - a +0 hand axe
 g - a +1 dagger of venom (weapon)
Missiles
 e - 161 stones (quivered)
 j - a throwing net
 m - 47 sling bullets
Armour
 b - a +0 animal skin (worn)
Jewellery
 d - a ring of fire
 f - an amulet of regeneration
 q - an amulet of guardian spirit
Wands
 r - a wand of charming (8)
Scrolls
 h - a scroll of teleportation {unknown}
 k - 2 scrolls of noise {unknown}
 l - a scroll of identify {unknown}
 p - a scroll of fear {unknown}
 t - a scroll of fog {unknown}
Potions
 c - 2 potions of flight {unknown}
 i - a potion of ambrosia {unknown}
 n - a potion of brilliance {unknown}
 o - 2 potions of degeneration {unknown}
 s - a potion of haste {unknown}


   Skills:
 - Level 3.0 Fighting
 + Level 4.9 Axes
 - Level 1.7 Armour
 - Level 1.7 Dodging


You had 3 spell levels left.
You didn't know any spells.
Your spell library contained the following spells:

 Spells                   Type           Power      Damage    Failure   Level
 Corpse Rot               Necr/Air       0%         N/A       47%         2
 Poisonous Vapours        Pois/Air       0%         N/A       47%         2
 Passage of Golubria      Tloc           0%         N/A       98%         4
 Silence                  Hex/Air        0%         N/A       100%        5
 Lehudib's Crystal Spear  Conj/Erth      0%         10d2      100%        8


Dungeon Overview and Level Annotations

Branches:
Dungeon (3/15)

Altars:
Ashenzari


Innate Abilities, Weirdness & Mutations

You have a tail ending in a sharp stinger.


Message History

There are monsters nearby!
You hit the orc.
The orc is poisoned.
The orc is moderately wounded.
The orc hits you with a +0 short sword. The orc hits you but does no damage.
The orc hits you with a +1 vorpal hand axe.
You hit the orc but do no damage.
The orc looks even sicker.
You tail-slap the orc, but do no damage.
The orc is moderately wounded.
The orc hits you but does no damage. The orc misses you.
The orc closely misses you.
You hit the orc but do no damage.
The orc looks as sick as possible!
The orc is heavily wounded.
You kill the orc!
Trog accepts your kill. The orc barely misses you. x2
You closely miss the orc. The orc barely misses you. The orc misses you.
The orc hits you with a +1 vorpal hand axe.
The orc closely misses you.
Unknown command.
You start putting on your amulet.
You continue putting on your amulet of regeneration.
The orc hits you from afar with a +0 trident!
Keep equipping yourself?
The orc hits you with a +0 club.
* * * LOW HITPOINT WARNING * * *
You continue putting on your amulet of regeneration.
The orc hits you from afar with a +0 trident.
* * * LOW HITPOINT WARNING * * *
The orc hits you with a +0 club.
* * * LOW HITPOINT WARNING * * *
You continue putting on your amulet of regeneration.
The orc misses you.
You continue putting on your amulet of regeneration.
The orc hits you with a +0 club.
* * * LOW HITPOINT WARNING * * *
The orc barely misses you. The orc closely misses you.
You continue putting on your amulet of regeneration.
The orc completely misses you.
The orc hits you from afar with a +0 trident!
You die...

###### #....# #....#
##....######### #......#)......
+.....ooo...... #.))..@#.......
##....######### #....# #..).#
#############''##################
≈≈≈≈≈≈≈≈≈≈≈≈.).÷≈≈≈≈≈≈≈≈≈≈≈≈≈≈≈≈≈
≈≈≈≈≈≈≈≈≈≈≈≈....≈≈≈≈≈≈≈≈≈≈≈≈≈≈≈≈≈
≈≈≈≈≈≈≈≈≈≈≈.....≈≈≈≈≈≈≈≈≈≈≈≈≈≈≈≈≈
≈≈≈≈.≈≈..≈.....).).≈≈.≈≈≈≈.≈≈≈≈.≈


You could see 3 orcs.

Vanquished Creatures
  Ijyb (D:3)
  2 adders
  An ufetubus (D:3)
  5 dart slugs
  An orc (D:3)
  3 ball pythons
  4 endoplasms
  A giant cockroach (D:1)
  6 goblins
  7 hobgoblins
  6 jackals (D:1)
  4 bats (D:1)
  3 rats
44 creatures vanquished.

Vanquished Creatures (others)
  5 toadstools (D:1)
5 creatures vanquished.

Grand Total: 49 creatures vanquished

Notes
Turn   | Place    | Note
-------+----------+-------------------------------------------
     0 | D:1      | knot the Demonspawn Berserker began the quest for the Orb.
     0 | D:1      | Reached XP level 1. HP: 18/18 MP: 1/1
    23 | D:1      | Reached skill level 3 in Axes
   394 | D:1      | Gained mutation: You have a small tail. [demonic ancestry]
   394 | D:1      | Reached XP level 2. HP: 24/24 MP: 2/2
  1229 | D:1      | Gained mutation: You have a tail ending in a sharp stinger.
                  | [demonic ancestry]
  1229 | D:1      | Reached XP level 3. HP: 25/29 MP: 3/3
  1911 | D:2      | Reached skill level 4 in Axes
  2052 | D:2      | Found a faded altar of an unknown god.
  2720 | D:3      | Found a broken altar of Ashenzari.
  2951 | D:3      | Identified the +2 leather armour of Weak Knowledge {Fly
                  | rElec Slay-2 Stlth-}
  3112 | D:3      | Noticed Ijyb
  3120 | D:3      | Killed Ijyb
  3121 | D:3      | Reached XP level 4. HP: 29/35 MP: 4/4
  3929 | D:3      | Slain by an orc

Illustrated notes

Levels and vault maps discovered:
D:1:      ldierk_walled_garden, layout_basic
D:2:      layout_loops_corners, shapermc_ecumenical_altar_venn, serial_glass,
          glass_columns_a, glass_columns_a, glass_columns_b, glass_columns_c,
          glass_columns_a, glass_columns_a, glass_columns_c, glass_columns_b
D:3:      minmay_goblin_kobold_castle, layout_basic, evilmike_ruin_ashenzari,
          tso_altar, grunt_ministairs_10, chequers_arboretum, uniq_ijyb

Skill      XL: |  1  2  3 |
---------------+----------+-----
Axes           | 3 4 |  4.9
Fighting       | |  3.0
Armour         | |  1.7
Dodging        | |  1.7

Action                   |  1- 3 |  4- 6 || total
-------------------------+-------+-------++-------
Melee: Hand axe          |    63 |       ||    63
       Punch             |     2 |       ||     2
       Tailslap          |    13 |     3 ||    16
       Dagger            |    37 |    27 ||    64
Invok: Berserk           |     2 |     1 ||     3
 Stab: Sleeping          |     3 |       ||     3
Armor: Animal skin       |    16 |     8 ||    24
Dodge: Dodged            |    66 |    41 ||   107

Table legend: (Time is in decaauts)
 A = Elapsed time spent in this place.
 B = Non-inter-level travel time spent in this place.
 C = Inter-level travel time spent in this place.
 D = Time resting spent in this place.
 E = Time spent auto-exploring this place.
 F = Levels seen in this place.
 G = Mean time per level.
                   A        B        C        D        E       F      G
               +--------+--------+--------+--------+--------+-----+--------+
         Total |   3967 |   3859 |    108 |    778 |   2766 |   3 | 1322.3 |
       Dungeon |   3967 |   3859 |    108 |    778 |   2766 |   3 | 1322.3 |
               +--------+--------+--------+--------+--------+-----+--------+

Top non-repeatable levels by time:
     D:1: 1757 daAuts
     D:3: 1284 daAuts
     D:2: 924 daAuts
